 Dungeon Crawl Stone Soup version 0.29-a0-477-g62b78b4225 (webtiles) character file.

Game seed: 15119698906979466692

66 dabmancer the Magician (level 3, -2/16 HPs)
             Began as a Spriggan Hedge Wizard on May 24, 2022.
             Killed by divine providence
             ... invoked by an orc priest
              (7 damage)
             ... on level 2 of the Dungeon.
             The game lasted 00:03:33 (3221 turns).

dabmancer the Magician (Spriggan Hedge Wizard)      Turns: 3221, Time: 00:03:33

Health: -2/16      AC:  2    Str:  6    XL:     3   Next: 96%
Magic:  8/10       EV: 17    Int: 17    God:
Gold:   103        SH:  0    Dex: 14    Spells: 7/12 levels left

rFire   . . .      SeeInvis +   o - +2 dagger (venom)
rCold   . . .      Faith    .   (no shield)
rNeg    . . .      Spirit   .   b - +0 robe
rPois   .          Reflect  .   c - +0 hat
rElec   .          Harm     .   (no cloak)
rCorr   .          Rampage  .   (gloves unavailable)
Will    .....                   (boots unavailable)
Stlth   +.........              (no amulet)
HPRegen 0.05/turn               (no ring)
MPRegen 0.12/turn               (no ring)

@: confused, very quick
A: very small, no large weapons, unfitting armour, see invisible, speed 3
a: no special abilities


You were on level 2 of the Dungeon.
You visited 1 branch of the dungeon, and saw 2 of its levels.

You collected 103 gold pieces.

Inventory:

Hand Weapons
 o - a +2 dagger of venom (weapon)
Missiles
 f - 37 stones
 k - 4 curare-tipped darts
Armour
 b - a +0 robe (worn)
 c - a +0 hat (worn)
Scrolls
 e - 4 scrolls of teleportation {unknown}
 g - a scroll of blinking {unknown}
 h - 2 scrolls of fear {unknown}
 j - 2 scrolls of amnesia {unknown}
 l - a scroll of poison {unknown}
 n - a scroll of brand weapon {unknown}
Potions
 d - 2 potions of magic
 i - a potion of resistance {unknown}
 m - a potion of curing {unknown}


   Skills:
 + Level 3.5 Dodging
 + Level 3.5 Stealth
 + Level 5.1 Spellcasting
 + Level 1.2 Conjurations
 + Level 0.8 Summonings
 + Level 1.5 Translocations


You had 7 spell levels left.
You knew the following spells:

 Your Spells              Type           Power      Damage    Failure   Level
a - Magic Dart            Conj           32%        1d4       9%          1
b - Blink                 Tloc           18%        N/A       12%         2
c - Call Imp              Summ           7%         N/A       16%         2

Your spell library contained the following spells:

 Spells                   Type           Power      Damage    Failure   Level
 Slow                     Hex            16%        N/A       14%         1
 Lesser Beckoning         Tloc           9%         N/A       22%         3
 Conjure Flame            Conj/Fire      6%         6-21      32%         3
 Mephitic Cloud           Conj/Pois/Air  5%         N/A       34%         3
 Manifold Assault         Tloc           9%         N/A       91%         5


Dungeon Overview and Level Annotations

Branches:
Dungeon (2/15)

Altars:
The Shining One


Innate Abilities, Weirdness & Mutations

You are very small and have problems with some larger weapons.
You are too small for most types of armour.
You have supernaturally acute eyesight. (SInv)
You cover ground extremely quickly. (Speed+++)


Message History

The orc wizard gestures at you while chanting.
You are confused.
The orc priest shouts!
You bump into the rock wall.
You bump into the rock wall.
The orc wizard closely misses you. The orc wizard misses you.
You bump into the rock wall.
The orc wizard gestures at you while chanting.
You resist with some effort.
You bump into the rock wall.
You feel less confused.
The orc wizard points at you and mumbles some strange words.
You resist with some effort.
Things that are here:
a +0 dagger; a +0 leather armour You start resting.
An orc wizard is nearby!
The magic dart hits the orc wizard but does no damage.
The magic dart hits the orc wizard but does no damage.
The orc wizard points at you and mumbles some strange words.
You are confused.
You bump into the rock wall.
The orc wizard hits you with a +0 dagger.
The orc priest calls upon Beogh to heal the orc wizard.
The orc wizard's wounds heal themselves!
You bump into the rock wall.
The orc wizard barely misses you.
You bump into the rock wall.
The orc wizard gestures wildly while chanting.
The orc wizard flickers and vanishes for a moment.
The orc priest calls down the wrath of Beogh upon you.
Beogh smites you!
Ouch! That really hurt!
The orc priest hits you with a +0 vampiric short sword.
The orc wizard barely misses you.
Things that are here:
a +0 dagger; a +0 leather armour You're too confused to move!
The orc priest invokes the aid of Beogh against you.
Beogh smites you!
You die...

#.###.# #.# #.# #.# #.# #######
########### #.###.# #.....#
#.........# #...#.#
#.###.###.#######.####
###.#.###.###.....#.....#....#
....#.#....########.##.....#.####
##........o.o.##o......<...#.....
............#.##@##....#..######.
##......_...#.##o###...[.........
#.......o..#...o# #.###...######
#..........###### #.#.#...#
##........### ###.#...#.#
....)###### #...#.....# ......#
#....###### ......## #####.##.#
#####..#######.†...##.#


You could see an orc priest and 2 orc wizards.

Vanquished Creatures
  3 adders (D:2)
  A dart slug (D:1)
  An orc (D:2)
  2 endoplasms (D:2)
  A giant cockroach (D:1)
  3 goblins (D:1)
  A hobgoblin (D:1)
  2 quokkas
  8 ball pythons
  4 bats (D:1)
  5 kobolds
  8 rats
39 creatures vanquished.

Vanquished Creatures (others)
  A plant (D:1)
1 creature vanquished.

Grand Total: 40 creatures vanquished

Notes
Turn   | Place    | Note
-------+----------+-------------------------------------------
     0 | D:1      | dabmancer the Spriggan Hedge Wizard began the quest for the
                  | Orb.
     0 | D:1      | Reached XP level 1. HP: 9/9 MP: 6/6
   352 | D:1      | Reached XP level 2. HP: 13/13 MP: 6/8
   377 | D:1      | Learned a level 2 spell: Blink
   380 | D:1      | Learned a level 2 spell: Call Imp
   583 | D:1      | Found a faded altar of an unknown god.
  1929 | D:2      | Reached XP level 3. HP: 16/16 MP: 7/10
  2079 | D:2      | Found a glowing golden altar of the Shining One.
  2414 | D:2      | Reached skill level 1 in Conjurations
  2562 | D:2      | Reached skill level 5 in Spellcasting
  3221 | D:2      | Killed from afar by an orc priest

Illustrated notes

Levels and vault maps discovered:
D:1:      nicolae_arrival_washed_ashore, layout_basic,
          shapermc_ecumenical_altar_gd
D:2:      layout_basic, basic_altar

Skill      XL: |  1  2  3 |
---------------+----------+-----
Dodging        | 3 |  3.5
Conjurations   | 1 |  1.2
Spellcasting   | 5 |  5.1
Stealth        | |  3.5
Summonings     | |  0.8
Translocations | |  1.5

Action                   || total
-------------------------++-------
Melee: Dagger            ||    10
 Cast: Magic Dart        ||   119
 Stab: Sleeping          ||     1
Armor: Robe              ||     6
Dodge: Dodged            ||    23

Table legend: (Time is in decaauts)
 A = Elapsed time spent in this place.
 B = Non-inter-level travel time spent in this place.
 C = Inter-level travel time spent in this place.
 D = Time resting spent in this place.
 E = Time spent auto-exploring this place.
 F = Levels seen in this place.
 G = Mean time per level.
                   A        B        C        D        E       F      G
               +--------+--------+--------+--------+--------+-----+--------+
         Total |   2615 |   2539 |     76 |    720 |   1541 |   2 | 1307.5 |
       Dungeon |   2615 |   2539 |     76 |    720 |   1541 |   2 | 1307.5 |
               +--------+--------+--------+--------+--------+-----+--------+

Top non-repeatable levels by time:
     D:1: 1314 daAuts
     D:2: 1300 daAuts
